 Dungeon Crawl Stone Soup version 0.17.1-2-g5865329 (webtiles) character file.

152 abixa the Chopper (level 5, -4/48 HPs)
             Began as a Hill Orc Gladiator on Jan 20, 2016.
             Slain by a black bear (5 damage)
             ... on level 3 of the Dungeon.
             The game lasted 00:07:30 (2204 turns).

abixa the Chopper (Hill Orc Gladiator)              Turns: 2204, Time: 00:07:31

Health: -4/48      AC:  9    Str: 18    XL:     5   Next: 34%
Magic:  5/5        EV:  7    Int:  8    God:
Gold:   162        SH:  0    Dex: 12    Spells: 0 memorised, 4 levels left

rFire  . . .     SeeInvis .     q - +2 dagger (venom)
rCold  . . .     Clarity  .     u - +0 chain mail (curse)
rNeg   . . .     SustAt   .     (no shield)
rPois  .         Gourm    .     t - +1 hat
rElec  .         Spirit   .     (no cloak)
rCorr  .         Warding  .     (no gloves)
rMut   .         Stasis   .     (no boots)
MR     .....                    (no amulet)
Stlth  ..........               (no ring)
                                (no ring)

@: not resistant to hostile enchantments, extremely unstealthy
A: no striking features
a: no special abilities


You were on level 3 of the Dungeon.
You were not hungry.

You visited 1 branch of the dungeon, and saw 3 of its levels.

You collected 162 gold pieces.

Inventory:

Hand Weapons
 a - a +0 war axe
 q - a +2 dagger of venom (weapon)
Missiles
 d - 3 throwing nets
 l - 5 tomahawks (quivered)
 v - 13 stones
 z - 15 sling bullets
 A - 22 arrows of dispersal
Armour
 b - a +0 leather armour
 c - a +0 helmet
 p - a +0 scale mail
 t - a +1 hat (worn)
 u - a cursed +0 chain mail (worn)
Scrolls
 f - 2 scrolls of remove curse {unknown}
 g - 2 scrolls of fear {unknown}
 i - 2 scrolls of immolation {unknown}
 j - 2 scrolls of teleportation {unknown}
 k - 5 scrolls of identify {unknown}
 n - a scroll of noise {unknown}
 r - a scroll of blinking {unknown}
 s - a scroll of fog {unknown}
 w - a scroll of recharging {unknown}
 y - a scroll of enchant armour {unknown}
Potions
 h - a potion of flight {unknown}
 m - a potion of degeneration {unknown}
 o - a potion of curing {unknown}
 B - 2 potions of agility
Comestibles
 e - a bread ration
 x - a chunk of flesh


   Skills:
 + Level 5.3 Fighting
 - Level 5.7 Axes
 - Level 1.7 Throwing
 - Level 2.4 Dodging


You had 4 spell levels left.
You didn't know any spells.

Dungeon Overview and Level Annotations

Branches:
Dungeon (3/15)

Altars:


Message History

The black bear claws you but does no damage. x2
The black bear goes berserk!
The black bear bites you! The black bear claws you. The black bear claws you.
The black bear bites you. The black bear claws you.
The black bear claws you but does no damage.
The black bear bites you. The black bear barely misses you.
The black bear claws you.
* * * LOW HITPOINT WARNING * * *
The black bear rages.
The black bear bites you!
* * * LOW HITPOINT WARNING * * *
The black bear claws you but does no damage. x2
The black bear rages.
The black bear barely misses you.
The black bear claws you but does no damage. x2
The black bear bites you.
* * * LOW HITPOINT WARNING * * *
The black bear claws you but does no damage.
The black bear claws you.
You die...

... #.# #.# #.# #.#
.# #†# .# #.# .#
#.#########.##
#####.#
#...@hb......#
##.....#
######.#####.#
###..>..## #####.#
#.# ##.......##
#.....# #.#
#.........#####.###.#
#.# ................#
#.#####.#
#.........#######
#.......# ##.......##
####b#### ###.....##
#%#


You could see a black bear (berserk) and a bat.

Vanquished Creatures
  A centaur (D:3)
  2 adders (D:2)
  An ooze (D:1)
  2 worms (D:2)
  3 giant geckos
  6 goblins
  4 hobgoblins
  5 kobolds
  A quokka (D:3)
  6 bats
  3 giant cockroaches
  3 giant newts
  6 rats
43 creatures vanquished.

Notes
Turn   | Place    | Note
--------------------------------------------------------------
     0 | D:1      | abixa the Hill Orc Gladiator began the quest for the Orb.
     0 | D:1      | Reached XP level 1. HP: 18/18 MP: 1/1
   313 | D:1      | Reached XP level 2. HP: 22/25 MP: 2/2
   439 | D:1      | Reached skill level 5 in Axes
   854 | D:1      | Reached XP level 3. HP: 28/30 MP: 3/3
  1868 | D:2      | Reached XP level 4. HP: 38/38 MP: 4/4
  2053 | D:3      | Noticed a centaur
  2063 | D:3      | Killed a centaur
  2063 | D:3      | Reached skill level 5 in Fighting
  2063 | D:3      | Reached XP level 5. HP: 35/48 MP: 5/5
  2183 | D:3      | Noticed a black bear
  2204 | D:3      | HP: 1/48 [black bear (5)]
  2204 | D:3      | Slain by a black bear

Action                   |  1- 3 |  4- 6 || total
-------------------------+-------+-------++-------
Melee: War axe           |    75 |       ||    75
       Dagger            |    24 |    31 ||    55
Throw: Tomahawk          |       |     1 ||     1
  Eat: Chunk             |     3 |     1 ||     4
